[Event "American Cup Open Champions 2025"]
[Site "Saint Louis"]
[Date "2025.03.16"]
[Round "1.3"]
[White "Caruana, Fabiano"]
[Black "Robson, Ray"]
[Result "1/2-1/2"]
[Annotator "TA"]
[ECO "A06"]
[WhiteElo "2783"]
[BlackElo "2689"]
[PlyCount "131"]
[EventDate "2025.03.02"]
[EventType "k.o."]
[EventCountry "USA"]
[SourceTitle "playchess.com"]
[Source "ChessBase"]
[SourceQuality "1"]
[TimeControl "180+2"]

1. Nf3 d5 2. e3 (2. c4 d4 3. b4 c5 4. Bb2 Nf6 5. g3 Qc7 6. Bg2 e5 7. e3 Bg4 8. Qa4+ Nbd7 9. O-O Be7 10. bxc5 O-O 11. exd4 Bxf3 12. Bxf3 exd4 13. Bxd4 Bxc5 {1-0 Caruana,F (2783)-Robson,R (2689) Champions Showdown Kings 2025 (3.3)}) 2... c5 3. b3 f6 4. Bb5+ Bd7 5. Bxd7+ $146 (5. Qe2 e5 6. Bxd7+ Qxd7 7. d4 cxd4 8. exd4 e4 9. c4 f5 10. Ne5 Bb4+ 11. Bd2 Bxd2+ 12. Nxd2 {½-½ Lomonosovas,V (2143)-Milasevicius,J (2004) Panevezys-ch 2007 (7)}) 5... Qxd7 6. c4 {[%emt 0:00:15] A06: Réti Opening: 1 Nf3 d5.} d4 7. exd4 cxd4 8. O-O e5 9. d3 Nc6 10. a3 a5 11. Nbd2 Bd6 12. Ne4 Nge7 13. Bd2 O-O 14. b4 axb4 15. c5 Bc7 {[%emt 0:00:02] A sharp opening} 16. axb4 b5 17. cxb6 Bxb6 18. b5 Rxa1 19. Qxa1 Na7 20. Rb1 (20. Bb4 Rb8 21. Bd6 Rb7 22. Qa2+) 20... Nd5 (20... Nxb5 $2 21. Qa4 $18) 21. h4 h5 22. Ng3 g6 23. Ne4 Kg7 (23... Nxb5 $2 24. Qa4 Ndc7 25. Bb4 $18) 24. Qa4 Rc8 25. Qb3 Rc7 26. Qb2 Rb7 27. Qc1 Rc7 (27... Nxb5 28. Bh6+ Kh7 29. Rxb5 Qxb5 30. Qc8 $18) 28. Qb2 Qe7 29. Qa2 Qd7 30. Qa6 Qc8 (30... Nc8 {is more complex.} 31. Qa3 Nc3 32. Bxc3 dxc3 33. Rc1 Qxb5 34. Rxc3 Qb1+) 31. Qa2 Qd7 32. Ba5 (32. Qa6 $11) 32... Nc8 $1 $15 {[%emt 0:00:08] [#]} (32... Nxb5 $2 33. Bxb6 Nbc3 (33... Nxb6 $2 34. Qa6 $18) 34. Nxc3 Nxc3 35. Qa5 $18) 33. Bd2 ({Better is} 33. Bxb6 $15 Ncxb6 34. Qa5) 33... Nce7 (33... Nc3 $17 34. Bxc3 dxc3) 34. g3 (34. Qb3 $11 {remains equal.}) 34... Nc3 $17 35. Bxc3 dxc3 {[%emt 0:00:01][%csl Oc3] Black has a strong passed pawn} 36. Qc2 (36. Ne1 $17) 36... Nd5 37. Kg2 {[%emt 0:00:01] [#] Wards off Qh3+} (37. Kh2 $17 {was necessary.}) 37... Qg4 $1 $19 38. Nh2 Nf4+ 39. Kh1 $2 (39. Kg1 Qe2 40. Rc1 Qxc2 41. Rxc2) 39... Qe2 40. Rc1 {[%emt 0:00:04] White is weak on the dark squares} Qxc2 41. Rxc2 Nxd3 42. Rxc3 (42. Nf3 $142) 42... Nxf2+ 43. Kg2 Nxe4 44. Rd3 Nc5 45. Rd6 Rb7 46. Nf3 Kf7 47. Nd2 Ba7 48. Rc6 Ne6 49. Nc4 Ke7 ({Worse is} 49... Rxb5 50. Nd6+ Ke7 51. Nxb5 $11) 50. b6 Bb8 51. Na5 Rd7 52. Rc8 Rd2+ 53. Kh3 (53. Kf1 $142 Bd6 54. Nc4 Rd1+ 55. Ke2) 53... Bd6 {[%emt 0:00:02] and ...g5 should not be overlooked} 54. Nc4 Rd5 (54... Rf2 $19 55. Nxd6 g5 (55... Kxd6 56. b7 $11) 56. Nf5+ Kd7 (56... Rxf5 $2 57. Rc2 $19)) 55. Nxd6 $11 {[%emt 0:00:02] The position is equal.} Rxd6 {[%emt 0:00:02][%mdl 4096] Endgame KRN-KR} (55... Kxd6 56. b7 Rb5 57. b8=Q+ Rxb8 58. Rxb8) (55... Kxd6 $5 56. b7 $8 Rb5 57. b8=Q+ Rxb8 58. Rxb8 g5 59. Rb6+ Kd5 $11) 56. b7 Rb6 57. b8=Q Rxb8 58. Rxb8 {[%emt 0:00:01] KR-KN} f5 59. Kg2 Nc5 60. Kf3 Ne4 61. Rb6 Kf7 62. Ra6 Nd2+ 63. Kf2 Ne4+ 64. Kf3 Nd2+ 65. Kf2 Ne4+ 66. Kf3 {[%emt 0:00:02] Whites escaped into a draw.   Weighted Error Value: White=0.48/Black=0.27 (precise)   Mistake:       	White=8     	Black=1      Inaccurate:     	White=3     	Black=6      OK:         	White=21    	Black=20     Best:        	---       	Black=5      Strong:       	---       	Black=2} 1/2-1/2

[Event "American Cup Open Champions 2025"]
[Site "Saint Louis"]
[Date "2025.03.16"]
[Round "1.3"]
[White "Aronian, Levon"]
[Black "Sevian, Samuel"]
[Result "0-1"]
[Annotator "TA"]
[ECO "D04"]
[WhiteElo "2748"]
[BlackElo "2692"]
[PlyCount "94"]
[EventDate "2025.03.02"]
[EventType "k.o."]
[EventCountry "USA"]
[SourceTitle "playchess.com"]
[Source "ChessBase"]
[SourceQuality "1"]
[TimeControl "180+2"]

1. d4 Nf6 2. Nf3 d5 3. e3 a6 4. Nbd2 Bf5 5. c4 e6 6. Nh4 Bg4 7. Qb3 Nc6 8. h3 {[%emt 0:00:07] White is slightly better.} Bh5 9. g4 (9. Qxb7 $2 Na5 $19) 9... Bg6 10. Nxg6 (10. Qxb7 $2 Na5 $19) 10... hxg6 11. g5 $36 {[%emt 0:00:15][%mdl 2048] White has good play.} (11. Qxb7 $2 Na5 $19) 11... Nh7 (11... dxc4 $14 12. Qxb7 (12. Bxc4 Nd5 $11) 12... Na5) 12. Rg1 (12. Qxb7 $2 Na5 $19) (12. f4 $16) 12... Na5 13. Qa4+ c6 14. cxd5 exd5 15. h4 Be7 16. Nf3 (16. b4 $6 Nc4 $15) 16... Nf8 17. Bd2 Nc4 18. Bxc4 dxc4 19. Qxc4 Ne6 20. O-O-O Qd5 21. Qxd5 cxd5 22. Rg4 Bd6 23. e4 dxe4 24. Rxe4 {[%emt 0:00:01] [#]} Rc8+ 25. Kb1 O-O 26. d5 Nc5 27. Re3 Rfe8 28. Rxe8+ Rxe8 29. Be3 Ne4 30. Rd3 f6 31. a4 Kf7 32. Nd4 ({Better is} 32. Rb3 $16 Re7 33. Nd2 Nxd2+ 34. Bxd2) 32... Nc5 $11 33. Rd1 Nxa4 34. Ne6 {Hoping for Rc1.} Rc8 35. Rg1 Be5 36. gxf6 gxf6 (36... Bxf6 $11 {keeps the balance.} 37. Ng5+ Ke7) 37. Rg4 (37. h5 $1 $16 Rg8 38. hxg6+ Rxg6 39. Nd8+ Kg7 40. Rxg6+ (40. Ne6+ Kf7 $18) 40... Kxg6 41. Kc2 (41. Nxb7 Kf5 $16)) 37... Nxb2 38. Rb4 Nc4 {[%emt 0:00:08] and ...b5 would now be decisive} 39. Rxb7+ Kg8 40. Bc5 Nd2+ 41. Ka2 $1 Ne4 42. Rg7+ Kh8 43. Be3 Nc3+ 44. Kb3 Nxd5 45. Rxg6 Rc3+ 46. Ka4 $2 {[%emt 0:00:03][%mdl 8192] [#]} (46. Ka2 $15) 46... Bd6 $1 $19 (46... Rc4+ $2 47. Ka5 $19) 47. Ka5 (47. Bc5 $19 Bxc5 48. Nxc5 Rxc5 49. Rg1) 47... Ra3# {[%emt 0:00:01] Weighted Error Value: White=0.42/Black=0.14 (very precise)   Loses game:     	White=1     	---        Mistake:       	White=4     	Black=2      Inaccurate:     	White=2     	Black=7      OK:         	White=16    	Black=16     Best:        	White=2     	Black=2      Strong:       	White=1     	Black=1} 0-1

[Event "American Cup Open Champions 2025"]
[Site "Saint Louis"]
[Date "2025.03.16"]
[Round "1.3"]
[White "So, Wesley"]
[Black "Dominguez Perez, Leinier"]
[Result "1/2-1/2"]
[Annotator "TA"]
[ECO "E05"]
[WhiteElo "2748"]
[BlackElo "2741"]
[PlyCount "71"]
[EventDate "2025.03.02"]
[EventType "k.o."]
[EventCountry "USA"]
[SourceTitle "playchess.com"]
[Source "ChessBase"]
[SourceQuality "1"]
[TimeControl "180+2"]

1. c4 e6 2. g3 d5 3. Bg2 Nf6 4. Nf3 Be7 5. O-O O-O 6. d4 dxc4 7. Qc2 a6 8. Qxc4 b5 9. Qc2 Bb7 10. Bd2 Nc6 11. e3 Nb4 12. Bxb4 Bxb4 13. a3 Bd6 $1 {[%emt 0:00:01] The main line 13...Bd6 scores better than 13...Be7. E05: Open Catalan: 5 Nf3 Be7.} 14. Nbd2 Rc8 15. Nb3 Be4 16. Qc3 c5 $146 (16... Bd5 17. Nc5 Bxc5 18. dxc5 Ne4 19. Qc2 Ng5 20. Nxg5 Qxg5 21. h4 Qe7 22. Bxd5 exd5 {½-½ Jumabayev,R (2631)-Nguyen,T (2613) Tata Steel-B 84th 2022 (1)}) 17. dxc5 (17. Nxc5 Bxc5 18. dxc5 Qd5 $19) 17... Nd7 18. Qd4 Nxc5 19. Nxc5 Bxf3 {[%emt 0:00:01] This pair of bishops is nice.} 20. Nb7 (20. Bxf3 {simplifies} Bxc5 21. Qxd8 Rfxd8 22. Rfc1) 20... Bxb7 21. Bxb7 Rc4 22. Qd2 (22. Qa7 $11 {was preferable.}) 22... Qb6 (22... Qc7 $1 $15 23. b3 (23. Bxa6 Rd8 $17) 23... Rc2) 23. Bf3 {[%emt 0:00:02] Opposite bishops and equal position} Be5 24. Rac1 Rd8 25. Qe2 Rdc8 26. Rxc4 bxc4 27. Rc1 g6 (27... Bxb2 $15 28. Rxc4 Rxc4 29. Qxc4 Bxa3) 28. Rxc4 $11 {[%emt 0:00:03] The position is equal.} Rxc4 29. Qxc4 Bxb2 30. Qb4 Qxb4 31. axb4 {[%emt 0:00:01] KB-KB} Bc3 32. Be2 Bxb4 33. Bxa6 Bc3 34. Bb5 Bb4 35. Ba6 Bc3 36. Bb5 {[%emt 0:00:01] Weighted Error Value: White=0.08 (flawless) /Black=0.07 (flawless)   Mistake:       	White=1     	Black=2      Inaccurate:     	White=1     	---        OK:         	White=6     	Black=12     Best:        	White=1     	Black=1} 1/2-1/2

[Event "American Cup Open Champions 2025"]
[Site "Saint Louis"]
[Date "2025.03.15"]
[Round "1.4"]
[White "Aronian, Levon"]
[Black "Sevian, Samuel"]
[Result "1/2-1/2"]
[Annotator "TA"]
[ECO "A28"]
[WhiteElo "2748"]
[BlackElo "2692"]
[PlyCount "80"]
[EventDate "2025.03.02"]
[EventType "k.o."]
[EventCountry "USA"]
[SourceTitle "playchess.com"]
[Source "ChessBase"]
[SourceQuality "1"]
[TimeControl "5400+30"]

1. c4 e5 2. Nc3 Nf6 3. Nf3 Nc6 4. e4 Bb4 5. d3 d6 6. Be2 {[%emt 0:00:05] A28: English Opening: Four Knights Variation.} Bg4 7. O-O Bc5 {[%emt 0:02:05] [#]} 8. Nxe5 $1 Nxe5 9. d4 Bxe2 10. Nxe2 Nxe4 11. Qc2 $146 ({Predecessor:} 11. f3 Nf6 12. dxc5 dxc5 13. Qxd8+ Rxd8 14. b3 h6 15. Bf4 Nfd7 16. Nc3 O-O 17. Rad1 c6 18. Rfe1 {1-0 Vio,M (1383)-Bhandarkar,D (1530) IECG RL.2007.0.00087 email}) 11... d5 12. dxc5 {[%emt 0:07:04] A sharp opening} O-O 13. b3 Re8 (13... Nc6 $11 {is superior.}) 14. Nf4 (14. cxd5 $5 Qxd5 15. Bf4 $14) 14... Nxc5 (14... Ng4 $5) 15. cxd5 Ncd7 16. Bb2 Rc8 17. Qc3 Qg5 18. Qg3 (18. Ne2 $5 Ng4 19. Ng3 $14) 18... Qxg3 {[%emt 0:01:44] The position is equal.} 19. hxg3 Ng6 20. Nxg6 hxg6 21. Bd4 Red8 22. Rfd1 a6 23. Rac1 Nf6 24. Bxf6 gxf6 $11 {[%emt 0:00:07][%mdl 4096] Endgame KRR-KRR} 25. Rc5 Rd7 26. Rdc1 Kg7 27. a4 b6 28. Rc6 {[%emt 0:00:16][%cal Od5d6] [#] Black must now prevent d6!.} Rxd5 29. Rxc7 Rxc7 30. Rxc7 {[%emt 0:00:04] KR-KR} Rd1+ 31. Kh2 Rd3 32. b4 Rd4 33. Ra7 Rxb4 34. Rxa6 f5 35. a5 bxa5 36. Rxa5 Rb2 37. Kg1 Rb1+ 38. Kh2 Rb2 39. Kg1 Rb1+ 40. Kh2 Rb2 {[%emt 0:00:09] Weighted Error Value: White=0.08 (flawless) /Black=0.10 (very precise)   Mistake:       	---       	Black=1      Inaccurate:     	White=2     	Black=1      OK:         	White=13    	Black=6      Best:        	White=2     	Black=1} 1/2-1/2

[Event "American Cup Open Champions 2025"]
[Site "Saint Louis"]
[Date "2025.03.16"]
[Round "1.4"]
[White "Dominguez Perez, Leinier"]
[Black "So, Wesley"]
[Result "1/2-1/2"]
[Annotator "TA"]
[ECO "C41"]
[WhiteElo "2741"]
[BlackElo "2748"]
[PlyCount "112"]
[EventDate "2025.03.02"]
[EventType "k.o."]
[EventCountry "USA"]
[SourceTitle "playchess.com"]
[Source "ChessBase"]
[SourceQuality "1"]
[TimeControl "180+2"]

1. e4 d6 2. d4 Nf6 3. Nc3 e5 4. Nf3 Nbd7 5. Bc4 Be7 6. a4 O-O 7. O-O c6 8. Re1 h6 {[%emt 0:00:02] 8...a5 is the recent fashion.} 9. h3 Re8 10. Be3 {[%emt 0:00:17] C41: Philidor Defence.} Bf8 11. Ba2 exd4 12. Bxd4 {[%emt 0:00:01] White is slightly better.} Qc7 13. Nh4 Be7 $146 (13... Qd8 14. Ng6 a6 15. Qd2 b5 16. axb5 cxb5 17. Nxf8 Rxf8 18. Qf4 Qc7 19. Nd5 Nxd5 20. Bxd5 {0-1 Zhigalko,S (2572)-Yu,Y (2729) Titled Tuesday intern op 14th Mar Early blitz 2023 (3)}) 14. Nf5 Bf8 {[%emt 0:00:06][%cal Be7f8,Bf8g7,Bg7d4,Bd4e5][%mdl 32] A sharp opening} 15. Qf3 {[%emt 0:00:14] White is much more active.} Ne5 {[%emt 0:01:26] [#]} (15... Kh7 $16) 16. Nxh6+ $1 $18 gxh6 17. Qxf6 {[%emt 0:00:01] White attacks} Bg7 {[%emt 0:00:01] [#]} 18. Qf4 Nf3+ $2 (18... Be6 {is a better defense.} 19. Bxe6 Rxe6) 19. Qxf3 (19. gxf3 $18 Bxd4 20. Rad1 (20. Qxh6 Bg7 $16)) 19... Bxd4 $16 20. Rad1 Be5 21. Qh5 Be6 22. Bxe6 Rxe6 23. Ne2 Rae8 24. Nd4 (24. c3 $16) 24... Bxd4 $1 $14 25. Rxd4 d5 26. Re3 $16 dxe4 27. Rg3+ Kf8 28. Qc5+ Qe7 29. Qxa7 (29. Qc3 $16) 29... e3 (29... c5 $1 $11 30. Rc4 Rd6) 30. fxe3 (30. Rdg4 $18 {[%csl Gg3][%cal Rg4g8] is the precise move to win.} exf2+ 31. Qxf2) 30... Rxe3 31. Rdg4 Rxg3 32. Rxg3 {[%emt 0:00:01][%mdl 4096] Endgame KQR-KQR. White is a pawn up.} Qe5 {[%emt 0:00:06][%csl LRb2,LRg3] Prevents Qd4.} 33. Rf3 Qxb2 34. Qf2 {[%emt 0:00:02] Repels Re1+} (34. Qc5+ $16 Re7 35. Qd6) 34... Qa1+ $11 35. Kh2 {[%emt 0:00:01] Strongly threatening c3.} Qe5+ 36. Rf4 Re6 37. Qg3 Ke7 38. Qa3+ Ke8 39. Qg3 Rg6 40. Qf2 Rf6 41. g3 Rxf4 42. gxf4 {[%emt 0:00:01] KQ-KQ} Qe4 43. a5 Ke7 44. Kg3 Ke6 45. Qb6 Kf5 46. Qc5+ Kg6 47. Qb6 (47. Qd6+ $11 {remains equal.} Qe6 48. Qd3+ Kf6 49. Qd8+ Kf5 50. Qd3+ Kf6) 47... Qe1+ $17 ({Don't play} 47... Qxc2 $6 48. Qxb7 Qc3+ 49. Kg2 $11) 48. Kg2 Qd2+ 49. Kg3 Qxc2 (49... Qc3+ $17 50. Kf2 Qxc2+ 51. Ke3 Qc1+ 52. Ke2 Qxf4 53. Qxb7 Qe4+ 54. Kd2 Qd5+ 55. Ke2 Qxa5 56. Qxc6+ Kg7) 50. Qxb7 $11 {[%emt 0:00:02] The position is equal.} Qc3+ 51. Kg2 Qd2+ 52. Kf3 Qd3+ 53. Kf2 Qd2+ 54. Kf3 Qc3+ 55. Kg2 Qd2+ 56. Kf3 Qc3+ {[%emt 0:00:04] Weighted Error Value: White=0.26 (precise) /Black=0.19 (very precise)   Loses game:     	---       	Black=1      Missed win:     	White=1     	---        Mistake:       	White=5     	Black=4      Inaccurate:     	---       	Black=2      OK:         	White=20    	Black=10     Best:        	White=3     	Black=7      Strong:       	---       	Black=1      Brilliant:      	White=1     	---} 1/2-1/2

[Event "American Cup Open Champions 2025"]
[Site "Saint Louis"]
[Date "2025.03.16"]
[Round "1.4"]
[White "Sevian, Samuel"]
[Black "Aronian, Levon"]
[Result "0-1"]
[Annotator "TA"]
[ECO "B07"]
[WhiteElo "2692"]
[BlackElo "2748"]
[PlyCount "185"]
[EventDate "2025.03.02"]
[EventType "k.o."]
[EventCountry "USA"]
[SourceTitle "playchess.com"]
[Source "ChessBase"]
[SourceQuality "1"]
[TimeControl "180+2"]

1. e4 d6 2. d4 Nf6 3. Bd3 e5 4. Nf3 Nbd7 5. c3 Be7 6. O-O O-O 7. Re1 c6 {[%emt 0:00:01] B07: Pirc Defence: Miscellaneous Systems.} 8. a4 Qc7 9. Nbd2 Re8 {[%emt 0:00:05] White is slightly better.} 10. Nf1 b6 11. Ng3 h6 12. h3 Bf8 13. b3 $146 (13. Nh4 Bb7 14. Nhf5 Rad8 15. f4 a6 16. Bd2 Kh7 17. fxe5 dxe5 18. Qf3 g6 19. Ne3 {0-1 Von Buhrmeister,P-Ketterer,C (2265) Verbandsliga Sued Baden 9697 1996 (9.3)}) 13... Bb7 14. Ba3 Rad8 15. Qc2 Qb8 16. Rad1 a6 17. Bb2 b5 18. axb5 cxb5 {[%emt 0:00:03] [#]} (18... axb5 $11 19. c4 bxc4 20. bxc4 (20. Bxc4 exd4 21. Nxd4 d5 $11) 20... exd4) 19. c4 ({White should try} 19. d5 $1 $16) 19... Rc8 20. Qd2 Bc6 (20... bxc4 $11 21. Bxc4 (21. bxc4 exd4 22. Bxd4 Qc7 $11) 21... exd4) 21. Ra1 bxc4 22. Bxc4 Bb5 23. Bxb5 Qxb5 24. Re3 Qb7 25. Ba3 exd4 26. Qxd4 Nc5 27. Rae1 (27. Nd2 $11) 27... Nxb3 $17 28. Qd1 Na5 (28... Nc5 $17 29. Qd4 Re6) 29. R3e2 (29. Nd2 $1 $11 {was the only way to keep the balance.}) 29... Nc4 30. Bc1 d5 31. e5 Nd7 32. Nf5 (32. e6 $17 fxe6 33. Rxe6 Rxe6 34. Rxe6) 32... Nc5 $19 33. N3d4 (33. Bf4 $17) 33... Ne4 34. Qa4 $2 (34. Rc2) 34... Rxe5 (34... Nxe5 35. Bd2 $19) (34... Nc3 $142 35. Qa1 Nxe2+ 36. Rxe2 Rxe5 37. Rxe5 Nxe5) 35. Bf4 $2 (35. Qa1 {is the only way for White.}) 35... Nc3 36. Qc2 Nxe2+ 37. Rxe2 Rxe2 38. Qxe2 Qb1+ 39. Kh2 Qe4 40. Qg4 Kh7 41. Nf3 Rc6 42. Ng3 Qe6 43. Qh5 {[%emt 0:00:01] And now Ng5+ would win.} Qg6 44. Qxd5 Nb6 45. Qa2 Rc2 46. Qxa6 Rxf2 47. Be3 Rxf3 (47... Rb2 48. Bd4 Rb3 49. Qa2 $19) 48. gxf3 Qc2+ $2 (48... Bd6 $19 49. Bf2 Nd5) 49. Qe2 $17 Qc7 50. Kg2 Kg8 51. Qd3 Nd7 52. Bd4 Ne5 53. Bxe5 (53. Qc3 $142 Nc6 54. Bf2) 53... Qxe5 {[%emt 0:00:00][%mdl 4096] Endgame KQB-KQN. Black is a pawn up.} 54. Qe2 Qc7 55. Ne4 Be7 56. Qd2 Qe5 57. Qc3 Qf5 58. Qd2 Qg6+ 59. Kh1 f5 60. Qd5+ Kh7 61. Nf2 (61. Nc3 $17) 61... Bh4 62. Nd3 Bg3 63. f4 Qh5 64. Kg2 Bh4 65. Qf3 Qe8 66. Ne5 Bf6 67. Nc4 Bd4 68. Nd2 $2 (68. Qd3 $17 Qc6+ 69. Kg3) 68... Qb5 $2 (68... Qe3 $19 {( -> ...Qg1#)} 69. Qxe3 Bxe3) 69. Nf1 Qb2+ 70. Kh1 Qc2 (70... Qb1 $19 71. h4 g6) 71. Ng3 (71. h4 $142) 71... Qb1+ 72. Nf1 $2 (72. Qf1 $17 Qc2 73. h4) 72... Qb5 (72... Ba7 $19 73. Kg2 Qb2+ 74. Kg3 g6) 73. Kg2 Qb2+ 74. Kh1 $1 Qc2 75. Ng3 Bf2 {[%emt 0:00:01] ( -> ...Qc1+) Black is more active.} 76. Nf1 Bh4 77. Ne3 Qd3 78. Kg2 Bd8 79. Nf1 Qc2+ 80. Qf2 Qc4 81. Ne3 Qe6 82. Qf3 (82. Qc2 $17) 82... Bb6 $19 83. Nf1 Qc4 (83... Qe1 $19 {is more deadly.} 84. Kh2 Bc7) 84. Ng3 Qc1 (84... Bc7 $17 85. Qf1 Qd5+ (85... Qxf4 86. Qxf4 Bxf4 87. Nxf5 $15) 86. Qf3 Qd2+ 87. Qf2 Qb4 (87... Bxf4 88. Qxd2 Bxd2 89. Nxf5 $15)) 85. Nf1 $2 (85. h4 $1 $15) 85... Bc7 86. Ne3 Qd2+ 87. Kh1 $2 (87. Kf1 {was necessary.}) 87... Qb4 $2 (87... Bb6 $19 88. Ng2 Bf2) 88. Kg2 $2 (88. Qd5 $17) 88... Qb2+ (88... Qxf4 89. Qxf4 Bxf4 90. Nxf5 $15) ({Black should try} 88... Bxf4 $19 {Threatens to win with ...Qd2+.} 89. Nd5 Qb2+ 90. Kg1 Qb1+ 91. Kg2 Bd6) 89. Kh1 $2 {[%emt 0:00:01][%mdl 8192] [#]} (89. Kg3 $17) 89... Bb6 $1 90. Nf1 Qd4 91. Qg3 {[%emt 0:00:02] Repels Qg1+} Bc7 92. Qe3 Qc4 ({Not} 92... Qxf4 93. Qxf4 Bxf4 94. Kg2) 93. Qf3 {[%emt 0:00:03] Weighted Error Value: White=0.43/Black=0.18 (very precise)   Loses game:     	White=4     	---        Missed win:     	---       	Black=3      Mistake:       	White=13    	Black=9      Inaccurate:     	White=6     	Black=3      OK:         	White=12    	Black=28     Best:        	White=6     	Black=4      Strong:       	White=1     	Black=1} 0-1

[Event "American Cup Open Champions 2025"]
[Site "Saint Louis"]
[Date "2025.03.16"]
[Round "1.4"]
[White "Robson, Ray"]
[Black "Caruana, Fabiano"]
[Result "0-1"]
[Annotator "TA"]
[ECO "B35"]
[WhiteElo "2689"]
[BlackElo "2783"]
[PlyCount "110"]
[EventDate "2025.03.02"]
[EventType "k.o."]
[EventCountry "USA"]
[SourceTitle "playchess.com"]
[Source "ChessBase"]
[SourceQuality "1"]
[TimeControl "180+2"]

1. e4 c5 2. Nc3 Nc6 3. Nf3 g6 4. d4 cxd4 5. Nxd4 Bg7 6. Be3 Nf6 7. Bc4 O-O 8. Bb3 Re8 {[%emt 0:00:01] B35: Sicilian: Accelerated Dragon with 5 Nc3: main line.} 9. h3 d6 10. Qd2 Bd7 {[%emt 0:00:03] White has an edge.} 11. O-O-O Nxd4 12. Bxd4 {[%emt 0:00:01] A sharp opening} b5 13. Rhe1 $146 (13. h4 b4 14. Bxf6 exf6 15. Qxd6 bxc3 16. Qxd7 cxb2+ 17. Kb1 Qxd7 18. Rxd7 Rxe4 19. Bd5 Ree8 20. Bxf7+ {1-0 So,W (2769)-Samunenkov,I (2499) Titled Tuesday intern op 04th Jul Early blitz 2023 (9)}) 13... e5 14. Be3 a5 15. Qxd6 a4 $1 {[%emt 0:00:01] [#]} 16. Bxf7+ Kxf7 $17 17. Bg5 Be6 (17... Re6 $17 18. Bxf6 Bh6+ 19. Kb1 Rxd6 (19... Qxf6 $2 20. Qxd7+ Qe7 21. Qxb5 $18) 20. Bxd8 Rxd1+ 21. Rxd1 Rxd8 22. Nxb5 Ke7) 18. Nxb5 $15 a3 (18... Bxa2 $2 19. Qa3 Qe7 20. Qxa2+ Kf8 21. Re3 $18) (18... Qa5 $15 19. Qc7+ (19. Nc7 $2 Bf8 $19) 19... Re7 20. Qxe5 (20. Nd6+ Kf8 $17) 20... Bxa2 (20... Nd5 21. exd5 Bxe5 22. Rxe5 $16) 21. Nd6+ Kf8) 19. b3 $14 Qc8 (19... Qa5 $14 20. Qc6 Rad8) 20. Qxe5 (20. Nxa3 $2 Qb7 21. Kb1 Nxe4 22. Rxe4 Qxe4 $19) 20... Ra6 21. Nd6+ (21. Qg3 $16) 21... Rxd6 $1 $11 22. Qxd6 (22. Rxd6 $2 Bxb3 23. Rxf6+ Kg8 $19) 22... Qc3 $36 {[%emt 0:00:06][%mdl 2048] Wards off Re3. Black fights for an advantage.} 23. Qxa3 {[%emt 0:00:19] [#]} (23. Re3 $1 $11 {remains equal.} Qb2+ 24. Kd2) 23... h6 {[%emt 0:00:06] Some like it hot. Black is more active.} (23... Rc8 $1 $17 24. Qb2 (24. Qa7+ $2 Kg8 $19) 24... Qxb2+ 25. Kxb2 Nxe4+ 26. Kc1 Nxg5) 24. Re3 Qa1+ 25. Kd2 Rd8+ $1 26. Rd3 Rxd3+ (26... Nxe4+ $2 27. Ke1 $18) 27. cxd3 Nxe4+ $1 28. dxe4 $4 (28. Ke1 $1 $11 Qc3+ 29. Bd2 Nxd2 30. Rxd2) 28... Qc3+ $19 29. Ke2 {[%emt 0:00:01] Threatening mate with Qe7+.} hxg5 $4 (29... Bc4+ $19 30. bxc4 Qxa3 31. Rd7+ Ke6 (31... Kg8 $2 32. Bd2 $19)) 30. Qc1 {[%emt 0:00:01] and Qxc3 would now be decisive} Qa5 31. Qd2 Qa6+ (31... Bc3 $16 32. Qc2 g4) 32. Ke1 Be5 33. Qc2 (33. Qxg5 $6 Bc3+ 34. Rd2 Kg7 $16) (33. g4 $18 {has better winning chances.}) 33... Kg7 $2 (33... g4 $16 34. hxg4 Bxg4) 34. Qe2 $2 (34. Qc5 $18 {is the precise move to win.} Kf6 35. Qf8+ Bf7 36. Rd5 Bc3+ 37. Kd1) 34... Qa8 (34... Qc8 $16 {is a better defense.} 35. Qb5 Bf6) 35. Kf1 $18 g4 36. h4 (36. hxg4 Qh8 37. Qf3 Qh1+ 38. Ke2 Qh4) (36. Qb5 $18 Bf6 37. Qa4 Qxa4 38. bxa4 gxh3 39. gxh3 Bxh3+ 40. Ke1) 36... g3 $14 37. Kg1 ({White should try} 37. Qb5 $16 Bb8 (37... Qxe4 $2 38. Re1 $18) 38. fxg3 Bxg3 39. Qc5) 37... Qa7 $1 $11 38. Kf1 $2 (38. Qf3 $11) 38... Qf7 $2 (38... Bg4 $1 $19 39. f3 Bc8) 39. Kg1 Qf4 40. fxg3 Qxg3 {[%emt 0:00:01] ...Qh2+ is the strong threat.} 41. Qf3 $2 {[%emt 0:00:03] White is on the road to losing.} (41. Qf2 $11 {and White is okay.} Qh2+ 42. Kf1) 41... Qxh4 $2 ({Black should try} 41... Qh2+ $19 42. Kf2 Qxh4+ 43. g3 Qh2+ 44. Ke3 Qxa2) 42. Kf1 $2 (42. Qe3 $11) 42... Bg4 $19 {[%emt 0:00:02] A strong pair of Bishops.} 43. Qd3 Qh1+ 44. Kf2 Qxd1 {[%emt 0:00:01] Black mates.} 45. Qxd1 Bxd1 46. Ke3 Bc2 47. Kd2 Bxe4 48. a4 Bxg2 49. b4 g5 50. b5 Bc7 51. Kc3 g4 52. Kb4 g3 53. a5 Bf3 54. b6 Bxb6 55. axb6 g2 {[%emt 0:00:00] Weighted Error Value: White=0.80/Black=0.59  Loses game:     	White=4     	Black=1      Missed win:     	White=2     	Black=3      Mistake:       	White=6     	Black=6      Inaccurate:     	White=3     	---        OK:         	White=7     	Black=7      Best:        	White=3     	Black=4      Strong:       	---       	Black=5} 0-1